 Dungeon Crawl Stone Soup version 0.28-a0-816-gb054d885db (webtiles) character file.

Game seed: 529066547290505217

12 cheechan the Cudgeller (level 2, 0/25 HPs)
             Began as a Palentonga Monk on Nov 8, 2021.
             Slain by a ball python (2 damage)
             ... on level 1 of the Dungeon.
             The game lasted 00:00:46 (128 turns).

cheechan the Cudgeller (Palentonga Monk)             Turns: 128, Time: 00:00:48

Health: 0/25       AC:  4    Str: 14    XL:     2   Next: 20%
Magic:  2/2        EV: 10    Int: 10    God:
Gold:   0          SH:  0    Dex: 12    Spells: 1/1 levels left

rFire   . . .      SeeInvis +   a - +0 mace
rCold   . . .      Faith    .   (no shield)
rNeg    + . .      Spirit   .   b - +0 robe
rPois   .          Reflect  .   (no helmet)
rElec   .          Harm     .   (no cloak)
rCorr   .          Rampage  .   (no gloves)
Will    .....                   (no barding)
Stlth   ++........              (no amulet)
HPRegen 0.08/turn               e - ring of positive energy
MPRegen 0.08/turn               (no ring)

@: no status effects
A: large, rugged brown scales 3, see invisible, deformed body, roll 1, armoured
tail
a: Rolling Charge


You were on level 1 of the Dungeon.
You visited 1 branch of the dungeon, and saw 1 of its levels.

Inventory:

Hand Weapons
 a - a +0 mace (weapon)
Missiles
 c - 20 arrows
 d - 4 boomerangs of dispersal
Armour
 b - a +0 robe (worn)
Jewellery
 e - a ring of positive energy (left hand)
Scrolls
 f - a scroll of identify {unknown}


   Skills:
 + Level 3.1 Fighting
 + Level 3.4 Maces & Flails
 + Level 2.5 Dodging
 + Level 1.3 Stealth


You had one spell level left.
You didn't know any spells.
Your spell library was empty.

Dungeon Overview and Level Annotations

Branches:
Dungeon (1/15)

Altars:


Innate Abilities, Weirdness & Mutations

You are completely covered in rugged brown scales. (AC +3, +7% HP)
You have supernaturally acute eyesight. (SInv)
Armour fits poorly on your strangely shaped body.
You can roll at nearby foes to attack.
You have a long armoured tail.


Message History

The rat bites you but does no damage.
You sock the dart slug!
You kill the dart slug!
The rat barely misses you. x2
You have reached level 2!
You hit the rat.
You kill the rat!
The rat barely misses you.
You sock the rat!
You kill the rat!
Things that are here:
a +0 dagger; a goblin corpse
Found a scroll labelled UGEILLE LORHE.
e - a ring of positive energy
e - a ring of positive energy (left hand)
f - a scroll labelled UGEILLE LORHE You aren't carrying any potions.
Unknown command.
Okay, then.
Found a robe.
A giant cockroach and a hobgoblin come into view.
The hobgoblin shouts!
You hit the giant cockroach.
You kill the giant cockroach!
A ball python comes into view.
The hobgoblin closely misses you. The hobgoblin hits you.
* * * LOW HITPOINT WARNING * * *
You hit the hobgoblin.
The hobgoblin is moderately wounded.
The hobgoblin hits you.
* * * LOW HITPOINT WARNING * * *
The hobgoblin closely misses you.
Roll where?
Press: ? - help, Q - select action, (/) - cycle Dir - move target, f - ball python
Aim: a ball python You roll forward with a clatter of scales!
You closely miss the ball python. The ball python barely misses you.
The ball python bites you.
You die...

#####
#....#############
#................#
#................#
..........○......#
........○○.......+
#.....S@g........#
#####..[.........#####
#................###
+...................
#................###
#.................†.
#############.....).
#....... #....###


You could see a hobgoblin and a ball python.

Vanquished Creatures
  A dart slug (D:1)
  2 endoplasms (D:1)
  2 giant cockroaches (D:1)
  A bat (D:1)
  2 goblins (D:1)
  2 rats (D:1)
10 creatures vanquished.

Notes
Turn   | Place    | Note
-------+----------+-------------------------------------------
     0 | D:1      | cheechan the Palentonga Monk began the quest for the Orb.
     0 | D:1      | Reached XP level 1. HP: 19/19 MP: 1/1
    82 | D:1      | Reached XP level 2. HP: 4/25 MP: 2/2
   125 | D:1      | HP: 1/25 [hobgoblin (2)]
   128 | D:1      | Slain by a ball python

Illustrated notes

Levels and vault maps discovered:
D:1:      amcnicky_arrival_abandoned_market, layout_basic,
          ebering_ecumenical_altar_ruins

Action                   || total
-------------------------++-------
Melee: Mace              ||    27
       Tailslap          ||     2
 Abil: Rolling Charge    ||     2
Armor: Robe              ||    15
Dodge: Dodged            ||    25

Table legend: (Time is in decaauts)
 A = Elapsed time spent in this place.
 B = Non-inter-level travel time spent in this place.
 C = Inter-level travel time spent in this place.
 D = Time resting spent in this place.
 E = Time spent auto-exploring this place.
 F = Levels seen in this place.
 G = Mean time per level.
                   A        B        C        D        E       F      G
               +--------+--------+--------+--------+--------+-----+--------+
         Total |    133 |    133 |      0 |      0 |      0 |   1 |  133.0 |
       Dungeon |    133 |    133 |      0 |      0 |      0 |   1 |  133.0 |
               +--------+--------+--------+--------+--------+-----+--------+

Top non-repeatable levels by time:
     D:1: 133 daAuts
